Map: Blackpink LE

Players

Juxtapose - Winner!

  • Race: Protoss Protoss
  • League: Platinum
  • Spawn Location: 1:00

brahts

  • Race: Protoss Protoss
  • League: Platinum
  • Spawn Location: 7:00

VOD

https://youtu.be/7CSUyCjEoh0

Description

After my last match, I was not in the mood for a Photon Cannon Rush. Having typed that, I'm pleased with how I kept my cool and how I played.

Time

  • Played on: Feb. 25, 2018, 11:02 a.m.
  • Length: 7:04
Show
View Real Time Build Order
Export as new Build Order

Juxtapose Protoss - Winner!

Build Orders:  

Get SALT Encoding   

  12  0:01  Probe  
  13  0:13  Probe  
  14  0:19  Pylon  
  14  0:25  Probe  
  15  0:37  Probe  
  15  0:39  Gateway  
  16  0:50  Probe  
  17  0:58  Assimilator  
  17  1:02  Probe  
  17  1:03  Pylon  
  18  1:14  Probe  
  19  1:25  Forge  
  19  1:31  Zealot  
  21  1:36  Probe  
  22  1:49  Probe  
  23  2:01  Probe  
  21  2:13  Photon Cannon, Probe  
  20  2:16  Photon Cannon  
  20  2:34  Gateway  
  20  2:41  Probe  
  21  2:47  Assimilator  
  21  2:53  Probe  
  21  2:54  Pylon  
  22  3:00  Pylon  
  22  3:07  Photon Cannon  
  22  3:10  Probe  
  23  3:21  Pylon  
  23  3:22  Probe  
  24  3:37  Photon Cannon  
  24  3:46  Cybernetics Core  
  24  4:01  Pylon  
  24  4:07  Pylon  
  24  4:23  Stargate  
  24  4:37  Robotics Facility  
  24  4:51  Stargate  
  24  5:03  Warp Gate  
  24  5:06  Void Ray (Chrono Boost)  
  28  5:27  Stalker (Chrono Boost)  
  28  5:32  Void Ray (Chrono Boost)  
  38  5:45  Void Ray (Chrono Boost)  
  38  6:13  Void Ray  
  42  6:23  Stalker  
Show
View Real Time Build Order
Export as new Build Order

brahts Protoss 

Build Orders: Cannon Rush 

Get SALT Encoding   

  12  0:01  Probe  
  13  0:13  Probe  
  14  0:24  Pylon  
  14  0:27  Probe  
  15  0:42  Probe  
  16  0:45  Forge  
  16  0:54  Probe  
  17  1:08  Pylon  
  17  1:14  Pylon  
  17  1:27  Pylon  
  17  1:32  Photon Cannon  
  17  1:35  Photon Cannon  
  17  1:42  Pylon  
  17  1:48  Photon Cannon  
  15  2:23  Probe  
  16  2:33  Gateway  
  16  3:01  Pylon  
  16  3:09  Probe  
  16  3:12  Assimilator  
  17  3:14  Assimilator  
  17  3:21  Photon Cannon  
  17  3:25  Photon Cannon  
  17  3:29  Photon Cannon  
  17  3:33  Photon Cannon  
  17  3:43  Gateway  
  17  3:47  Cybernetics Core  
  17  3:53  Probe  
  18  4:07  Pylon  
  18  4:12  Probe (Chrono Boost)  
  19  4:26  Robotics Facility  
  19  4:31  Warp Gate (Chrono Boost)  
  19  4:35  Adept  
  21  4:52  Probe  
  22  5:02  Adept  
  24  5:14  Immortal (Chrono Boost)  
  28  5:23  Probe  
  29  5:34  Sentry  
  31  5:38  Probe  
  31  5:40  Immortal (Chrono Boost)  
  32  6:15  Immortal (Chrono Boost)  
  36  6:31  Probe  
  37  6:33  Stalker  
  37  6:37  Stalker  
Tags
 
Add a new tag
Caveats
  • Supply blocks, unpowered buildings, or Contaminate may cause inaccurate times.
  • Supply counts are checked every 10 seconds.